 Dungeon Crawl Stone Soup version 0.25-a0-184-gcd15a05269 (webtiles) character file.

Game seed: 7414508332039307918, levelgen mode: deterministic

26706 RedPan the Thaumaturge (level 13, -14/107 HPs)
             Began as a Pale Draconian Ice Elementalist on Nov 27, 2019.
             Was a High Priest of Vehumet.
             Demolished by a sun demon (16 damage)
             ... on level 3 of the Abyss.
             The game lasted 01:24:44 (24226 turns).

RedPan the Thaumaturge (DrIE)                      Turns: 24226, Time: 01:24:45

Health: -14/107    AC: 14    Str: 10    XL:     13   Next: 0%
Magic:  10/28      EV: 17    Int: 20    God:    Vehumet [*****.]
Gold:   620        SH:  0    Dex: 13    Spells: 13/34 levels left

rFire    . . .     SeeInvis .   c - +3 flail (drain)
rCold    + + .     Gourm    .   (no shield)
rNeg     . . .     Faith    .   (armour unavailable)
rPois    .         Spirit   .   y - +1 hat
rElec    .         Reflect  .   o - +1 cloak
rCorr    .         Harm     .   s - +2 pair of gloves
MR       .....                  (no boots)
Stlth    ++........             (no amulet)
HPRegen  0.27/turn              E - ring of protection from cold
MPRegen  0.21/turn              D - ring of protection from cold

@: no status effects
A: breathe steam, unfitting armour, cold-blooded, AC +8
a: Breathe Steam, Renounce Religion


You were on level 3 of the Abyss.
You worshipped Vehumet.
Vehumet was extremely pleased with you.
You were hungry.

You visited 2 branches of the dungeon, and saw 16 of its levels.
You visited the Abyss 1 time.

You collected 920 gold pieces.
You spent 300 gold pieces at shops.

Inventory:

Hand Weapons
 c - a +3 flail of draining (weapon)
 B - a +2 battleaxe of chopping
 K - a +0 scimitar of draining
Armour
 o - a +1 cloak (worn)
 s - a +2 pair of gloves (worn)
 y - a +1 hat (worn)
Jewellery
 i - an uncursed ring of fire
 m - an uncursed ring of resist corrosion
 p - an uncursed ring of see invisible
 z - an uncursed ring of positive energy
 C - an uncursed ring of ice
 D - a ring of protection from cold (right hand)
 E - a ring of protection from cold (left hand)
Wands
 d - a wand of flame (30)
 k - a wand of digging (4)
 t - a wand of paralysis (12)
 v - a wand of enslavement (13)
 x - a wand of polymorph (8)
Scrolls
 a - 2 scrolls of enchant weapon
 f - 5 scrolls of blinking
 h - 4 scrolls of magic mapping
 j - 10 scrolls of remove curse
 l - a scroll of silence
 n - 10 scrolls of identify
 u - 4 scrolls of amnesia
 w - a scroll of vulnerability
 F - 3 scrolls of enchant armour
 I - a scroll of fear
 J - 3 scrolls of teleportation
Potions
 e - 2 potions of cancellation
 g - 2 potions of resistance
 q - 2 potions of mutation
 r - 2 potions of flight
 A - a potion of invisibility
 G - 3 potions of curing
 H - 2 potions of haste
 L - a potion of lignification
 O - a potion of berserk rage
Comestibles
 b - 27 rations


   Skills:
 + Level 8.2 Fighting
 + Level 9.4 Dodging
 - Level 2.0 Stealth
 + Level 11.1 Spellcasting
 - Level 9.0 Conjurations
 - Level 3.0 Hexes
 - Level 6.0 Summonings
 + Level 5.5 Fire Magic
 - Level 7.0 Ice Magic


You had 13 spell levels left.
You knew the following spells:

 Your Spells              Type           Power        Failure   Level  Hunger
a - Freeze                Ice            ####         1%          1    None
b - Summon Ice Beast      Ice/Summ       #####...     4%          4    ##.....
c - Throw Icicle          Conj/Ice       #####...     1%          4    ##.....
d - Fulminant Prism       Conj/Hex       #####.....   1%          4    ##.....
e - Iskenderun's Mystic   Conj           #####...     1%          4    ##.....
f - Sticky Flame          Conj/Fire      #####...     1%          4    ##.....

Your spell library contained the following spells:

 Spells                   Type           Power        Failure   Level  Hunger
 Iron Shot                Conj/Erth      ####......   36%         6    ######.
 Confusing Touch          Hex            ###...       1%          1    None
 Magic Dart               Conj           ####         1%          1    None
 Summon Butterflies       Summ           #####...     1%          1    None
 Searing Ray              Conj           #####.       1%          2    None
 Throw Frost              Conj/Ice       #####.       1%          2    None
 Dazzling Spray           Conj/Hex       #####.       1%          3    None
 Force Lance              Conj/Tloc      ####....     2%          4    ##.....
 Ozocubu's Armour         Chrm/Ice       ####....     4%          3    None
 Confuse                  Hex            ###.....     5%          3    None
 Tukima's Dance           Hex            ###.....     5%          3    None
 Apportation              Tloc           ##....       6%          1    None
 Gell's Gravitas          Tloc           ##........   19%         3    None
 Lesser Beckoning         Tloc           ##........   19%         3    None
 Metabolic Englaciation   Hex/Ice        ####......   22%         5    ####...
 Yara's Violent Unravell  Hex/Tmut       ###.......   24%         5    ####...
 Petrify                  Tmut/Erth      ##......     52%         4    ##.....
 Alistair's Intoxication  Tmut/Pois      ##......     86%         5    ####...
 Invisibility             Hex            ###.....     95%         6    ######.


Dungeon Overview and Level Annotations

Branches:
Dungeon (10/15)            Temple (0/1) D:7            Lair (6/6) D:9
  Swamp (0/4) Lair:4        Snake (0/4) Lair:2        Slime (0/5) Lair:6
    Orc (0/2) D:10

Altars:
Hepliaklqana
Kikubaaqudgha
Makhleb
Nemelex Xobeh
Qazlal
Ru
Sif Muna
Trog
Vehumet
Xom
Zin
The Shining One

Shops:
D:7 *   D:8 *   D:10 %

Annotations:
D:7 4 runed translucent doors
D:8 2 transporters
D:9 3 runed translucent doors, TheWayOfAllFlesh's ghost, novice NaAr
Lair:3 1 runed translucent door, pentaxis93's ghost, journeyman VSCK
Lair:6 Sonja


Innate Abilities, Weirdness & Mutations

You can breathe blasts of scalding, opaque steam.
Your pale cyan-grey scales are hard. (AC +8)
You cannot fit into any form of body armour.
You are cold-blooded and may be slowed by cold attacks.


Message History

Press: ? - help, Shift-Dir - straight line, f/p - sun demon
Aim: a sun demon (severely wounded)
You freeze the sun demon.
The sun demon is severely wounded.
The sun demon hits you!!
* * * LOW HITPOINT WARNING * * *
You are engulfed in flames!
* * * LOW HITPOINT WARNING * * *
Your ice beast hits the sun demon but does no damage.
The sun demon hits you but does no damage.
Your ice beast hits the sun demon but does no damage.
Casting: Freeze (safe; 1% risk of failure)
Confirm with . or Enter, or press ? or * to list all spells.
Aiming: Freeze (safe; 1% risk of failure)
Press: ? - help, Shift-Dir - straight line, f/p - sun demon
Aim: a sun demon (severely wounded)
The sun demon is frozen!
You freeze the sun demon!
The sun demon is almost dead.
The sun demon hits you!
You die...

.. . # ###.#.### .####
######.....##.## . .
...#.......#.#... ..#
.........#........># .
...#...#...#...#..... #
#...#...#...# ..#.. .
...#...#Y..#...#..... #
.......@3Y........... #
############.##########
###


You could see a sun demon and 2 friendly ice beasts.

Vanquished Creatures
  A death yak (Lair:3)
  Urug (Lair:1)
  An unseen horror (D:10)
  A manticore (Lair:6)
  An elephant (Lair:2)
  A spiny frog (Lair:3)
  A komodo dragon (Lair:6)
  A rime drake (Lair:3)
  2 blink frogs
  A hornet (D:8)
  A wraith (D:9)
  9 yaks
  Edmund (D:6)
  2 swamp worms (Lair:4)
  2 water moccasins
  3 porcupines
  An eye of draining (D:10)
  2 sky beasts
  A black bear (D:5)
  A phantom (D:5)
  3 wolves
  2 centaurs
  Blork the orc (D:6)
  A big kobold (D:9)
  8 bullfrogs
  4 killer bees
  A howler monkey (D:6)
  2 electric eels
  2 centaur zombies
  2 crimson imps
  3 hounds
  4 orc priests
  3 orc wizards
  Crazy Yiuf (D:2)
  A human zombie (D:9)
  3 bullfrog skeletons
  A centaur skeleton (D:5)
  5 iguanas
  2 hell rats (Lair:1)
  5 worker ants
  3 hound zombies
  2 mummies (D:9)
  A howler monkey zombie (D:9)
  2 worker ant zombies
  A gnoll (D:4)
  7 adders
  3 river rats (Lair:1)
  2 shadow imps
  An ooze (D:7)
  2 adder skeletons
  A worm (D:2)
  3 dart slugs
  3 leopard geckos
  23 orcs
  2 ball pythons
  6 giant cockroaches
  6 goblins
  5 hobgoblins
  9 jackals
  15 kobolds
  2 quokkas
  A ball python zombie (D:5)
  8 bats
  5 frilled lizards
  A leopard gecko zombie (D:5)
  12 rats
214 creatures vanquished.

Vanquished Creatures (collateral kills)
  Snorg (Lair:3)
  Fannar (Lair:1)
  3 hydras
  A catoblepas (Lair:6)
  2 death yaks
  An ugly thing (shapeshifter) (D:6)
  10 elephants
  2 black mambas
  2 rime drakes (Lair:3)
  12 spiny frogs
  2 komodo dragons
  2 trolls (D:10)
  3 slime creatures (Lair:6)
  24 blink frogs
  4 hippogriffs
  Prince Ribbit (D:6)
  3 bog bodies (Lair:4)
  A wraith (D:9)
  Sigmund (D:6)
  A ynoxinul (Abyss:3)
  29 yaks
  A basilisk (Lair:6)
  A hungry ghost (D:8)
  3 nagas (Lair:2)
  A swamp worm (Lair:4)
  2 soldier ants (D:8)
  13 water moccasins
  7 porcupines
  An orc warrior (D:10)
  6 black bears
  An ice beast (D:9)
  3 ogres
  2 necrophages (D:9)
  9 wolves
  3 centaurs
  12 crocodiles
  An elf zombie (D:9)
  A big kobold (D:7)
  16 bullfrogs
  A gnoll sergeant (D:9)
  2 scorpions
  5 killer bees
  A jelly (Lair:6)
  A human zombie (D:9)
  2 centaur skeletons
  An orc priest (D:3)
  An orc wizard (D:9)
  5 worker ants
  3 mummies (D:9)
  9 gnolls
  6 river rats (Lair:1)
  A shadow imp (D:5)
  9 orcs
  A quokka (D:10)
  3 kobolds
  An orc skeleton (D:9)
  3 fungi
244 creatures vanquished.

Vanquished Creatures (others)
  2 fulminant prisms
  26 fungi
  9 plants
37 creatures vanquished.

Grand Total: 495 creatures vanquished

Notes
Turn   | Place    | Note
-------+----------+-------------------------------------------
     0 | D:1      | RedPan the Draconian Ice Elementalist began the quest for
                  | the Orb.
     0 | D:1      | Reached XP level 1. HP: 14/14 MP: 3/3
   318 | D:1      | Reached XP level 2. HP: 12/20 MP: 1/5
  1175 | D:2      | Reached XP level 3. HP: 23/26 MP: 6/6
  1821 | D:2      | Found a runed translucent door.
  1825 | D:2      | Noticed Crazy Yiuf
  2008 | D:2      | Reached skill level 3 in Spellcasting
  2055 | D:2      | Found a glowing golden altar of the Shining One.
  2063 | D:2      | Reached XP level 4. HP: 29/33 MP: 4/8
  2121 | D:2      | Learned a level 4 spell: Summon Ice Beast
  2130 | D:2      | Found a sparkling altar of Nemelex Xobeh.
  2131 | D:2      | Found a shimmering altar of Xom.
  2428 | D:2      | Killed Crazy Yiuf
  2449 | D:2      | HP: 1/33 [poisoned by Crazy Yiuf]
  2908 | D:3      | Noticed an orc warrior
  3222 | D:3      | Reached XP level 5. HP: 31/38 MP: 5/10
  3578 | D:3      | Reached skill level 1 in Summonings
  5094 | D:5      | Entered Level 5 of the Dungeon
  5191 | D:5      | Reached skill level 4 in Spellcasting
  5191 | D:5      | Reached XP level 6. HP: 27/45 MP: 0/12
  5486 | D:5      | Reached skill level 5 in Ice Magic
  5568 | D:5      | Your scales start taking on a pale cyan-grey colour.
  5568 | D:5      | Reached XP level 7. HP: 29/50 MP: 10/13
  6488 | D:6      | Found a sacrificial altar of Ru.
  6491 | D:6      | Reached skill level 5 in Spellcasting
  6527 | D:6      | Noticed Sigmund
  6530 | D:6      | Noticed Edmund
  6536 | D:6      | Killed Sigmund
  6554 | D:6      | Killed Edmund
  6635 | D:6      | Reached XP level 8. HP: 17/57 MP: 7/16
  7016 | D:6      | Found a hazy altar of Hepliaklqana.
  7016 | D:6      | Found a shimmering blue altar of Sif Muna.
  7150 | D:6      | Noticed a purple ugly thing
  7161 | D:6      | Killed a white ugly thing
  7161 | D:6      | Reached skill level 6 in Spellcasting
  7161 | D:6      | Reached skill level 5 in Summonings
  7267 | D:6      | Learned a level 4 spell: Throw Icicle
  7443 | D:6      | Reached skill level 1 in Fighting
  7544 | D:6      | Noticed Prince Ribbit
  7556 | D:6      | Killed Prince Ribbit
  7769 | D:6      | Found a radiant altar of Vehumet.
  7772 | D:6      | Became a worshipper of Vehumet
  7845 | D:6      | Noticed Blork the orc
  7871 | D:6      | Killed Blork the orc
  8131 | D:7      | Found a staircase to the Ecumenical Temple.
  8178 | D:7      | Found a stormy altar of Qazlal.
  8503 | D:7      | Found Zais's General Store.
  8510 | D:7      | Bought a scroll of silence for 90 gold pieces
  8510 | D:7      | Bought a scroll of vulnerability for 90 gold pieces
  8541 | D:7      | Reached XP level 9. HP: 51/68 MP: 11/18
  8723 | D:7      | Found a huge runed translucent gate.
  8723 | D:7      | Found a huge runed translucent gate.
  8723 | D:7      | Found a huge runed translucent gate.
  8723 | D:7      | Found a huge runed translucent gate.
  8723 | D:7      | Noticed a polar bear
  8723 | D:7      | Noticed a polar bear
  8723 | D:7      | Noticed a polar bear
  8723 | D:7      | Noticed a polar bear
  8723 | D:7      | Noticed a manticore
  8723 | D:7      | Noticed a polar bear
  8723 | D:7      | Noticed a polar bear
  8851 | D:7      | Found a bloodstained altar of Trog.
  9202 | D:8      | Found a transporter.
  9216 | D:8      | Found a transporter.
  9466 | D:8      | Noticed a blizzard demon
  9467 | D:8      | Found a burning altar of Makhleb.
  9471 | D:8      | Found a glowing silver altar of Zin.
  9471 | D:8      | Noticed an angel
  9484 | D:8      | Found a bloodstained altar of Trog.
  9505 | D:8      | Found Niret's General Store.
  9511 | D:8      | Bought a potion of invisibility for 120 gold pieces
  9565 | D:8      | Reached * piety under Vehumet
  9565 | D:8      | Offered knowledge of Sandblast by Vehumet.
  9980 | D:8      | Reached skill level 7 in Spellcasting
 10663 | D:9      | Offered knowledge of Throw Flame by Vehumet.
 10663 | D:9      | Reached skill level 5 in Conjurations
 10666 | D:9      | Reached ** piety under Vehumet
 10867 | D:9      | Found a runed translucent gate.
 10867 | D:9      | Found a runed translucent gate.
 10867 | D:9      | Found a runed translucent gate.
 10902 | D:9      | Reached XP level 10. HP: 78/78 MP: 3/21
 11459 | D:9      | Found a staircase to the Lair.
 11763 | D:9      | Offered knowledge of Stone Arrow by Vehumet.
 11989 | D:9      | Reached skill level 8 in Spellcasting
 12051 | D:9      | Found an ancient bone altar of Kikubaaqudgha.
 12076 | D:9      | Reached *** piety under Vehumet
 12168 | D:9      | Noticed TheWayOfAllFlesh's ghost (novice NaAr)
 12175 | D:9      | Learned a level 4 spell: Fulminant Prism
 12222 | D:10     | Entered Level 10 of the Dungeon
 12261 | D:10     | Reached skill level 5 in Dodging
 12615 | D:10     | Reached skill level 1 in Hexes
 12627 | D:10     | Noticed an unseen horror
 12640 | D:10     | Killed an unseen horror
 12644 | D:10     | Offered knowledge of Ignite Poison by Vehumet.
 12781 | D:10     | Reached skill level 5 in Fighting
 12822 | D:10     | Found a staircase to the Orcish Mines.
 13015 | D:10     | Found Umevy's Food Emporium.
 13379 | D:10     | Learned a level 4 spell: Iskenderun's Mystic Blast
 13874 | Lair:1   | Entered Level 1 of the Lair of Beasts
 14298 | Lair:1   | Noticed a spiny frog
 14308 | Lair:1   | Killed a spiny frog
 14494 | Lair:1   | Noticed Urug
 14507 | Lair:1   | Killed Urug
 14507 | Lair:1   | Reached XP level 11. HP: 17/86 MP: 7/23
 14854 | Lair:1   | Reached **** piety under Vehumet
 14876 | Lair:1   | Offered knowledge of Olgreb's Toxic Radiance by Vehumet.
 15089 | Lair:1   | Noticed Fannar
 15164 | Lair:1   | Killed Fannar
 15164 | Lair:1   | Reached skill level 9 in Spellcasting
 16953 | Lair:2   | Found a staircase to the Snake Pit.
 17585 | Lair:3   | Noticed a five-headed hydra
 17821 | Lair:3   | Reached skill level 10 in Spellcasting
 17907 | Lair:3   | Killed a five-headed hydra
 18153 | Lair:3   | Reached ***** piety under Vehumet
 18296 | Lair:3   | Reached XP level 12. HP: 72/95 MP: 22/26
 18453 | Lair:3   | Offered knowledge of Sticky Flame by Vehumet.
 18459 | Lair:3   | Learned a level 4 spell: Sticky Flame
 18582 | Lair:3   | Noticed Snorg
 18591 | Lair:3   | Killed Snorg
 18591 | Lair:3   | Reached skill level 1 in Fire Magic
 18889 | Lair:3   | Noticed an eight-headed hydra
 18899 | Lair:3   | Killed an eight-headed hydra
 19032 | Lair:3   | Noticed a death yak
 19033 | Lair:3   | Noticed a death yak
 19080 | Lair:3   | Killed a death yak
 19297 | Lair:3   | Noticed a death yak
 19330 | Lair:3   | Killed a death yak
 19399 | Lair:3   | Found a runed translucent door.
 19494 | Lair:3   | Noticed pentaxis93's ghost (journeyman VSCK)
 20832 | Lair:4   | Found a staircase to the Swamp.
 21039 | Lair:5   | Noticed an eight-headed hydra
 21330 | Lair:5   | Killed an eight-headed hydra
 21738 | Lair:6   | Entered Level 6 of the Lair of Beasts
 21738 | Lair:6   | Found a staircase to the Slime Pits.
 22312 | Lair:6   | Reached skill level 11 in Spellcasting
 22358 | Lair:6   | Reached skill level 5 in Fire Magic
 22577 | Lair:6   | Offered knowledge of Iron Shot by Vehumet.
 22884 | Lair:6   | Noticed a catoblepas
 22914 | Lair:6   | Killed a catoblepas
 23342 | Lair:6   | Noticed a death yak
 23724 | Lair:6   | Noticed a death yak
 23724 | Lair:6   | Noticed a death yak
 23755 | Lair:6   | Killed a death yak
 23755 | Lair:6   | Reached XP level 13. HP: 67/107 MP: 10/28
 23918 | Lair:6   | Noticed Sonja
 23932 | Lair:6   | Cast into level 2 of the Abyss (Sonja)
 24014 | Abyss:2  | Noticed a green death
 24019 | Abyss:2  | Noticed a starcursed mass
 24114 | Abyss:3  | Noticed a starcursed mass
 24124 | Abyss:3  | Found a corrupted altar of Lugonu.
 24225 | Abyss:3  | HP: 2/107 [sun demon (10)]
 24226 | Abyss:3  | Demolished by a sun demon

Levels and vault maps discovered:
D:1:      ebering_trefoil_3fold, layout_basic
D:2:      layout_loops_ring, minitemple, first_ration, uniq_crazy_yiuf_cottage
D:3:      layout_loops_ring
D:4:      layout_basic
D:5:      layout_basic
D:6:      minmay_thick_lines, layout_basic, gammafunk_temple_overflow_forgotten,
          lemuel_doored_altar, uniq_edmund, uniq_blork_the_orc, uniq_sigmund,
          uniq_prince_ribbit1
D:7:      lemuel_bear_cage, layout_layer_cave, kennysheep_little_box,
          lightli_temple_of_fire, minmay_temple_entry_glass, serial_shops,
          shop_fountains
D:8:      gammafunk_steamed_eel, layout_loops_ring,
          grunt_temple_overflow_order_and_chaos_2, serial_shops, shop,
          hangedman_pestilent_swarm, bloody_trog
D:9:      layout_layer_cave, lemuel_mausoleum_altar_kikubaaqudgha,
          due_lair_maze_entry_diamond, gammafunk_ghost_icy,
          kennysheep_generic_room_10
D:10:     layout_layer_cave, david_orc_2, serial_shops,
          nicolae_shop_competitors_out_of_business, hangedman_decor_lopped
Lair:1:   layout_cave_pods, serial_bayou_pond_a, kennysheep_rathole,
          grunt_megastairs_4, uniq_fannar, uniq_urug
Lair:2:   layout_regular_city, minmay_snake_entry_guardpost_small,
          serial_bayou_shore_a, grunt_megastairs_3
Lair:3:   statuecave_lemuel, layout_regular_city, gammafunk_ghost_grave,
          uniq_snorg
Lair:4:   layout_loops_ring, nicolae_swamp_entry_splash_gauntlet
Lair:5:   layout_big_grid
Lair:6:   evilmike_catoblepas_cave, layout_hall_layers,
          minmay_slime_entry_pillars, st_stairs_13, minmay_hedge_maze,
          uniq_sonja
Abyss:3:  base: D:15, hangedman_shadowy_showcase, gammafunk_abyss_exit_x_factor

Skill      XL: |  1  2  3  4  5  6  7  8  9 10 11 12 |
---------------+-------------------------------------+-----
Stealth        | 2 |  2.0
Dodging        | 2 4 6 8 9 |  9.4
Spellcasting   | 3 4 5 6 7 8 10 11 | 11.1
Ice Magic      | 4 5 6 7 |  7.0
Summonings     | 2 3 4 5 6 |  6.0
Fighting       | 2 4 5 8 |  8.2
Conjurations   | 2 5 7 8 9 |  9.0
Hexes          | 3 |  3.0
Fire Magic     | 5 |  5.5

Action                   |  1- 3 |  4- 6 |  7- 9 | 10-12 | 13-15 || total
-------------------------+-------+-------+-------+-------+-------++-------
Melee: Unarmed           |    47 |       |       |       |       ||    47
       Club              |    20 |       |       |       |       ||    20
       Short sword       |    34 |       |       |       |       ||    34
       Tailslap          |     6 |     7 |    24 |    48 |       ||    85
       Mace              |     3 |     4 |       |       |       ||     7
       Quarterstaff      |       |    63 |    66 |       |       ||   129
       Flail             |       |       |   151 |   459 |     4 ||   614
 Cast: Freeze            |    47 |    40 |    61 |    36 |     2 ||   186
       Summon Ice Beast  |       |     5 |    50 |   318 |    10 ||   383
       Iskenderun's Myst |       |       |       |     3 |       ||     3
       Fulminant Prism   |       |       |       |     2 |       ||     2
Evoke: Wand              |       |       |     2 |       |       ||     2
  Use: Scroll            |     6 |     8 |     6 |     5 |     1 ||    26
       Potion            |       |       |     2 |     2 |     3 ||     7
 Stab: Sleeping          |     6 |     2 |     3 |     1 |       ||    12
       Distracted        |       |       |     1 |    11 |       ||    12
  Eat: Chunk             |     4 |     6 |    20 |    46 |     1 ||    77
       Ration            |       |     2 |     1 |     4 |       ||     7
Armor: Skin              |    57 |    34 |   132 |   252 |     8 ||   483
Dodge: Dodged            |   107 |    49 |   171 |   562 |    19 ||   908

Table legend:
 A = Non-vault XP
 B = Vault XP
 C = Vault XP percentage of total XP
 D = Non-vault monster count
 E = Vault monster count
 F = Vault count percentage of total count
                 A         B        C        D         E       F
            +---------+---------+-------+---------+---------+-------
      Total |   29000 |    9152 |  24.0 |     371 |      84 |  18.5
            +---------+---------+-------+---------+---------+-------
        D:1 |      38 |       0 |   0.0 |      25 |       0 |   0.0
        D:2 |      76 |      41 |  35.0 |      29 |       1 |   3.3
        D:3 |      68 |       0 |   0.0 |      18 |       0 |   0.0
        D:4 |     122 |       0 |   0.0 |       8 |       0 |   0.0
        D:5 |     721 |       0 |   0.0 |      25 |       0 |   0.0
        D:6 |     552 |    1102 |  66.6 |      14 |       9 |  39.1
        D:7 |     334 |       0 |   0.0 |      15 |       0 |   0.0
        D:8 |     757 |     315 |  29.4 |      26 |       4 |  13.3
        D:9 |    1611 |    1221 |  43.1 |      38 |      23 |  37.7
       D:10 |    2385 |      80 |   3.2 |      23 |       7 |  23.3
     Lair:1 |    2460 |    1849 |  42.9 |      24 |      15 |  38.5
     Lair:2 |    3996 |     593 |  12.9 |      23 |       5 |  17.9
     Lair:3 |    6510 |     628 |   8.8 |      39 |       1 |   2.5
     Lair:4 |    2795 |     844 |  23.2 |      12 |       7 |  36.8
     Lair:5 |    1990 |       0 |   0.0 |      13 |       0 |   0.0
     Lair:6 |    4482 |    2479 |  35.6 |      38 |      12 |  24.0
    Abyss:3 |     103 |       0 |   0.0 |       1 |       0 |   0.0
            +---------+---------+-------+---------+---------+-------
